 Dungeon Crawl Stone Soup version 0.31-a0-216-g22e908daa7 (webtiles) character file.

Game seed: 6078417952379384290

207 qw the Chopper (level 5, -1/33 HPs)
             Began as a Gargoyle Fighter on July 1, 2023.
             Constricted to death by Ijyb (4 damage)
             ... on level 3 of the Dungeon.
             The game lasted 00:00:57 (2568 turns).

qw the Chopper (Gargoyle Fighter)                   Turns: 2568, Time: 00:00:57

Health: -1/33      AC: 10    Str: 22    XL:     5   Next: 85%
Magic:  5/5        EV:  6    Int:  8    God:
Gold:   191        SH:  4    Dex:  9    Spells: 4/4 levels left

rFire   + . .        Y - +1 war axe
rCold   . . .        c - +0 buckler
rNeg    + . .        b - +0 scale mail
rPois   inf          (no helmet)
rElec   +            (no cloak)
rCorr   .            (no gloves)
SInv    .            (no boots)
Will    .....        (no amulet) Stlth
                     e - ring of protection from fire
HPRegen 0.25/turn    (no ring)
MPRegen 0.09/turn

%: no passive effects
@: grasped by roots, constricted
A: sickness immunity, AC +4, negative energy resistance 1, electricity
resistance, torment resistance 1, petrification resistance
a: no special abilities


You were on level 3 of the Dungeon.
You visited 1 branch of the dungeon, and saw 3 of its levels.

You collected 191 gold pieces.


Innate Abilities, Weirdness & Mutations

You are immune to sickness and miasma.
Your stone body is resilient. (AC +4)
You are immune to poison.
You resist negative energy. (rN+)
You are resistant to electric shocks. (rElec)
You are resistant to unholy torment.
You are immune to petrification.


   Skills:
 + Level 3.7 Fighting
 - Level 5.1 Axes
 - Level 3.2 Armour
 - Level 3.2 Shields


You had 4 spell levels left.
You didn't know any spells.
Your spell library was empty.

Inventory:

Hand Weapons
 n - a +1 flail of venom
 Y - a +1 war axe (weapon)
Armour
 b - a +0 scale mail (worn)
 c - a +0 buckler (worn)
 g - a +2 helmet
 l - a +0 pair of gloves
 o - a +2 chain mail of cold resistance
 p - the +0 ring mail "Taiq" {rCorr}
   (You found it on level 3 of the Dungeon)

   rCorr:     It protects you from acid and corrosion.
Jewellery
 e - a ring of protection from fire (left hand)
 f - an amulet of the acrobat
 h - the amulet "Zeux" {Acrobat Fragile rElec rCorr Int+3}
   (You found it on level 2 of the Dungeon)

   [amulet of the acrobat]

   It increases your evasion while moving and waiting.
   Int:       It affects your intelligence (+3).
   rElec:     It insulates you from electricity.
   rCorr:     It protects you from acid and corrosion.
   Fragile:   It will be destroyed if unequipped.
Scrolls
 k - a scroll of identify
 m - a scroll of immolation {unknown}
 q - 2 scrolls of teleportation {unknown}
 r - a scroll of poison {unknown}
Potions
 a - a potion of ambrosia {unknown}
 d - a potion of might
 i - 2 potions of heal wounds
 j - a potion of curing
 s - a potion of resistance {unknown}

Dungeon Overview and Level Annotations

Branches:
Dungeon (3/15)

Altars:

Annotations:
D:3 Ijyb


Message History

Ijyb zaps a wand.
The roots erupt in riotous growth!
The grasping roots grab you!
Ijyb is unaffected.
The grasping roots constrict you.
Enter note:
Enter note:
Enter note:
Enter note:
Enter note:
Enter note:
Enter note:
Enter note:
Enter note: You slash Ijyb!
Ijyb is moderately wounded.
Ijyb hits you but does no damage. The grasping roots constrict you.
Ijyb barely misses you. The grasping roots constrict you.
The grasping roots release their grip on you.
You closely miss Ijyb.
Ijyb is moderately wounded.
Ijyb zaps a wand.
The roots erupt in riotous growth!
The grasping roots grab you!
Ijyb is unaffected.
The grasping roots constrict you.
You slash Ijyb!
Ijyb is heavily wounded.
Ijyb screams, "I no like you!" You block Ijyb's attack.
The grasping roots constrict you.
You hit Ijyb.
Ijyb is severely wounded.
Ijyb hits you with a +5 club. The grasping roots constrict you.
Ijyb hits you but does no damage. The grasping roots constrict you.
The grasping roots release their grip on you.
You closely miss Ijyb.
Ijyb is severely wounded.
Ijyb zaps a wand.
The roots erupt in riotous growth!
The grasping roots grab you!
Ijyb is unaffected.
The grasping roots constrict you.
You hit Ijyb.
Ijyb is severely wounded.
Ijyb hits you with a +5 club! The grasping roots constrict you.
You die...

........ #.# #.# #.#..'
.############.###.# #.####
..................######
#.####
.###########.####......#
#..... .#
######......#.####.# #####.
.####...##.#..###......# #.
........##.#....#.###..# #.
####....+. #.##.#####..######
#. .#.....)##
#....@##.......... #.
.#.##...# ####g.##..........
## .#.##......
....##.......... ##.##.^..##
####.##.......... ...##....#
..##.......... .####....#
######.......... ##
.........# #...............
#.
..######.#.###...............
#.
.......#..............#######
#.


You could see Ijyb.

Vanquished Creatures
  An ogre (D:3)
  Terence (D:3)
  An iguana (D:3)
  4 adders (D:2)
  A worm (D:3)
  3 endoplasms (D:1)
  3 giant cockroaches
  5 goblins
  3 hobgoblins
  4 kobolds
  A quokka (D:2)
  4 ball pythons
  A bat (D:1)
  4 frilled lizards
  2 rats (D:2)
38 creatures vanquished.

Notes
Turn   | Place    | Note
-------+----------+-------------------------------------------
     0 | D:1      | qw the Gargoyle Fighter began the quest for the Orb.
     0 | D:1      | Reached XP level 1. HP: 14/14 MP: 1/1
     0 | D:1      | 0 ||| qw: Version: 0.3-a-35-g05ef00e
     0 | D:1      | 0 ||| qw: Game counter: 7729
     0 | D:1      | 0 ||| qw: Melee chars always use a shield: true
     0 | D:1      | 0 ||| qw: God list: Okawaru
     0 | D:1      | 0 ||| qw: Allow faded altars: false
     0 | D:1      | 0 ||| qw: Do Orc after clearing Dungeon:15 true
     0 | D:1      | 0 ||| qw: Do second Lair branch before Depths: true
     0 | D:1      | 0 ||| qw: Lair rune preference: random
     0 | D:1      | 0 ||| qw: Goals: Normal, Zot:1-4, Slime:5, God:TSO, Crypt,
                  | Tomb, Abyss, Pan, Hells, Win
     0 | D:1      | 0 ||| PLANNING D:1-11
    59 | D:1      | Reached skill level 2 in Axes
   332 | D:1      | Reached XP level 2. HP: 19/19 MP: 2/2
   777 | D:1      | 777 ||| UPGRADING to ring of protection from fire.
   778 | D:1      | 778 ||| READING scroll labelled DIFENO WOHE.
   779 | D:1      | 779 ||| DRINKING 2 sedimented dark potions.
   840 | D:2      | 840 ||| Stepping ~*~*~tactically~*~*~ (stealth).
   866 | D:2      | 866 ||| Stepping ~*~*~tactically~*~*~ (stealth).
   874 | D:2      | 874 ||| Stepping ~*~*~tactically~*~*~ (stealth).
   875 | D:2      | 875 ||| Stepping ~*~*~tactically~*~*~ (stealth).
   876 | D:2      | 876 ||| Stepping ~*~*~tactically~*~*~ (stealth).
   883 | D:2      | Reached skill level 3 in Axes
   933 | D:2      | Reached XP level 3. HP: 23/23 MP: 3/3
  1045 | D:2      | Found a faded altar of an unknown god.
  1100 | D:2      | Identified the amulet "Zeux" {Acrobat Fragile rElec rCorr
                  | Int+3}
  1121 | D:2      | 1121 ||| FLEEEEING.
  1137 | D:2      | 1137 ||| Stepping ~*~*~tactically~*~*~ (stealth).
  1139 | D:2      | 1139 ||| Stepping ~*~*~tactically~*~*~ (stealth).
  1140 | D:2      | 1140 ||| Stepping ~*~*~tactically~*~*~ (stealth).
  1141 | D:2      | 1141 ||| Stepping ~*~*~tactically~*~*~ (stealth).
  1142 | D:2      | 1142 ||| Stepping ~*~*~tactically~*~*~ (stealth).
  1165 | D:2      | 1165 ||| Stepping ~*~*~tactically~*~*~ (hiding).
  1764 | D:2      | Reached XP level 4. HP: 28/28 MP: 4/4
  1783 | D:2      | 1783 ||| READING 2 scrolls labelled NUATHO WEMUE.
  1784 | D:2      | 1784 ||| DRINKING 2 lumpy pink potions.
  1870 | D:3      | 1870 ||| Stepping ~*~*~tactically~*~*~ (stealth).
  1871 | D:3      | 1871 ||| Stepping ~*~*~tactically~*~*~ (stealth).
  1927 | D:3      | Noticed Terence
  1937 | D:3      | Killed Terence
  1938 | D:3      | Reached skill level 4 in Axes
  1984 | D:3      | 1984 ||| DROPPING +0 club.
  2153 | D:3      | Noticed an ogre
  2163 | D:3      | Killed an ogre
  2164 | D:3      | Reached skill level 5 in Axes
  2164 | D:3      | Reached XP level 5. HP: 32/32 MP: 5/5
  2274 | D:3      | 2274 ||| Stepping ~*~*~tactically~*~*~ (stealth).
  2280 | D:3      | 2280 ||| Stepping ~*~*~tactically~*~*~ (stealth).
  2281 | D:3      | 2281 ||| Stepping ~*~*~tactically~*~*~ (stealth).
  2413 | D:3      | Identified the +0 ring mail "Taiq" {rCorr}
  2560 | D:3      | Noticed Ijyb
  2568 | D:3      | HP: 3/33 [Ijyb/+5 club (9)]
  2568 | D:3      | Constricted to death by Ijyb

Levels and vault maps discovered:
D:1:      reono_arrival_forest_river, layout_loops_ring,
          minmay_gold_behind_fungi, corner_web_ring
D:2:      layout_basic, ebering_ecumenical_altar_hall, corexii_shack,
          kennysheep_nub, minmay_crystal_room
D:3:      layout_basic, uniq_ijyb, uniq_terence

Skill      XL: |  1  2  3  4 |
---------------+-------------+-----
Axes           | 2 3 5 |  5.1
Fighting       | |  3.7
Armour         | |  3.2
Shields        | |  3.2

Action                     |  1- 3 |  4- 6 || total
---------------------------+-------+-------++-------
  Melee: War axe           |    80 |    38 ||   118
    Use: Scroll            |     1 |     1 ||     2
         Potion            |     1 |     1 ||     2
 Armour: Scale mail        |    34 |    12 ||    46
  Dodge: Dodged            |    28 |    10 ||    38
  Block: Buckler           |    16 |     4 ||    20

Table legend:
 A = Non-vault XP
 B = Vault XP
 C = Vault XP percentage of total XP
 D = Non-vault monster count
 E = Vault monster count
 F = Vault count percentage of total count
                 A         B        C        D         E       F
            +---------+---------+-------+---------+---------+-------
      Total |     258 |      38 |  12.8 |      36 |       2 |   5.3
            +---------+---------+-------+---------+---------+-------
        D:1 |      16 |       0 |   0.0 |      10 |       0 |   0.0
        D:2 |      76 |       2 |   2.6 |      19 |       1 |   5.0
        D:3 |     166 |      36 |  17.8 |       7 |       1 |  12.5
            +---------+---------+-------+---------+---------+-------
